AoeStats
← PZ|MBalu

Black Forest

509456505Analyzed
4v4 RM · 7d ago on Sep 26, 2026· 62m 26s· 8 players
Game mode
Random Map
Map size
Large (8 player)
Population
200
Speed
Normal
Resources
Standard
Victory
Conquest
Starting age
Dark Age
Ending age
Imperial Age
RankedLock teamsTeams togetherTeam positionsShared explorationLock speedFull tech treeHidden civsTurbo modeCheats
Victory
Defeat
🇧🇦 Varangians · Bosnia & Herzegovina
1256
+15
🇦🇹 Khmer · Austria
1194
+17
🇩🇪 Danes · Germany
1136
+20
🇩🇪 Bohemians · Germany
1119
+20
🇭🇺 Britons · Hungary
1253
-19
🇭🇺 Maya · Hungary
1229
-18
🇬🇧 Mongols · United Kingdom
1223
-18
🇭🇺 Danes · Hungary
1186
-17
PZ|SlothKing
0:27 Loom
10:50 Feudal Age
16:12 Castle Age
15:19 Double-Bit Axe
16:18 Horse Collar
22:16 Heavy Plow
26:17 Town Watch
27:08 Wheelbarrow
30:17 Imperial Age
27:41 Fletching
27:51 Padded Archer Armor
28:24 Bow Saw
28:17 Gold Mining
28:17 Stone Mining
30:24 Bodkin Arrow
30:30 Padded Archer Armor
30:54 Ballistics
31:25 Gold Shaft Mining
30:24 Elite Longbowman
31:26 Conscription
31:53 Warwolf
32:14 Yeomen
31:34 Pikeman
33:07 Yeomen
33:55 Gambesons
34:10 Squires
33:56 Arson
35:30 Bracer
35:45 Leather Archer Armor
36:42 Chemistry
35:49 Siege Engineers
36:51 Two-Man Saw
36:32 Hoardings
36:48 Halberdier
41:07 Caravan
56:12 Scale Mail Armor
56:23 Forging
Szanik
0:27 Loom
16:59 Feudal Age
20:42 Castle Age
18:28 Horse Collar
18:35 Double-Bit Axe
18:46 Fishing Lines
19:37 Fishing Lines
21:41 Gillnets
28:53 Bow Saw
30:33 Gold Mining
31:46 Caravan
35:10 Imperial Age
34:35 Wheelbarrow
33:59 Fletching
36:13 Hand Cart
35:20 Pikeman
36:01 Squires
35:22 Eagle Warrior
36:06 Scale Mail Armor
36:17 Forging
35:59 Stone Mining
37:12 Two-Man Saw
36:08 Halberdier
38:13 Conscription
38:40 Horse Collar
39:38 Iron Casting
38:59 Bodkin Arrow
39:04 Padded Archer Armor
41:47 Holcans
42:41 Blast Furnace
41:56 Chain Mail Armor
42:19 Elite Eagle Warrior
44:17 Chain Mail Armor
44:17 Leather Archer Armor
44:03 Bracer
45:05 Elite Plumed Archer
48:14 Ring Archer Armor
48:14 Plate Mail Armor
53:49 Hul'che Javelineers
57:06 Elite Skirmisher
62:18 Thumb Ring
PZ|MBalu
12:49 Feudal Age
13:47 Double-Bit Axe
16:28 Castle Age
14:49 Gold Mining
19:11 Wheelbarrow
20:07 Bow Saw
19:52 Stone Mining
20:47 Horse Collar
28:30 Imperial Age
26:31 Hand Cart
27:46 Gold Shaft Mining
26:59 Fishing Lines
28:01 Scale Mail Armor
28:31 Heavy Plow
28:43 Onager
31:46 Chemistry
31:46 Forging
31:56 Gillnets
32:42 Siege Onager
34:39 Siege Engineers
34:44 Northmen's Fury
36:11 Chain Mail Armor
36:53 Capped Ram
38:56 Siege Ram
40:58 Elite Varangian Guard
46:29 Iron Casting
46:02 Elite Jomsviking
48:25 Plate Mail Armor
49:12 Caravan
50:49 Blast Furnace
52:28 Conscription
55:43 Man-at-Arms
56:23 Light Cavalry
56:29 Long Swordsman
57:08 Two-Handed Swordsman
58:01 Champion
59:15 Gambesons
TheLegendOfTheSuperheroBunny
10:35 Feudal Age
11:55 Double-Bit Axe
11:54 Horse Collar
15:03 Castle Age
18:35 Heavy Plow
20:38 Bow Saw
24:09 Gold Mining
24:11 Stone Mining
27:44 Wheelbarrow
27:39 Loom
29:13 Hand Cart
32:20 Imperial Age
29:38 Town Watch
31:49 Coinage
32:10 Gold Shaft Mining
32:10 Stone Shaft Mining
32:28 Scale Barding Armor
32:33 Forging
33:10 Bloodlines
33:00 Husbandry
32:33 Light Cavalry
32:39 Onager
33:43 Siege Engineers
34:32 Siege Onager
34:43 Hussar
35:51 Drill
35:51 Conscription
37:50 Chain Barding Armor
38:05 Iron Casting
45:09 Blast Furnace
44:38 Fletching
46:35 Ballistics
46:26 Fortified Wall
46:27 Masonry
48:53 Bodkin Arrow
48:59 Padded Archer Armor
49:29 Caravan
50:45 Bracer
51:01 Leather Archer Armor
52:45 Elite Mangudai
54:51 Nomads
60:49 Man-at-Arms
61:31 Squires
61:37 Long Swordsman
vissel28
4:03 Loom
12:43 Feudal Age
17:46 Castle Age
15:58 Horse Collar
16:07 Double-Bit Axe
16:46 Stone Mining
18:05 Gold Mining
19:20 Wheelbarrow
24:54 Fishing Lines
26:34 Heavy Plow
27:43 Gold Shaft Mining
33:57 Imperial Age
32:04 Ballistics
31:10 Pikeman
31:52 Squires
31:38 Gambesons
32:02 Scale Mail Armor
34:04 Stone Shaft Mining
34:04 Gold Shaft Mining
33:52 Chain Mail Armor
33:47 Forging
34:01 Halberdier
35:14 Siege Engineers
36:10 Chemistry
34:36 Northmen's Fury
35:35 Caravan
35:39 Onager
37:15 Siege Onager
38:48 Hamask
41:50 Conscription
44:43 Bow Saw
49:48 Plate Mail Armor
49:53 Iron Casting
Babo G
12:41 Feudal Age
16:20 Castle Age
14:55 Double-Bit Axe
17:08 Wheelbarrow
16:18 Horse Collar
17:22 Heavy Plow
17:43 Bow Saw
25:31 Gold Mining
25:38 Stone Mining
28:42 Fishing Lines
31:56 Imperial Age
30:31 Scale Barding Armor
30:38 Forging
31:15 Stone Shaft Mining
31:20 Gold Shaft Mining
31:40 Ballistics
31:42 Chain Barding Armor
31:58 Iron Casting
33:38 Chemistry
33:17 Plate Barding Armor
33:44 Blast Furnace
32:11 Light Cavalry
33:08 Double Crossbow
33:29 Conscription
33:19 Husbandry
33:29 Bloodlines
33:06 Hussar
34:14 Heavy Scorpion
41:43 Scale Mail Armor
47:49 Caravan
Bihorco
0:30 Loom
15:11 Feudal Age
16:05 Double-Bit Axe
16:00 Horse Collar
21:43 Castle Age
20:15 Gold Mining
20:24 Stone Mining
22:38 Bow Saw
22:29 Heavy Plow
24:58 Fletching
25:09 Padded Archer Armor
29:50 Wheelbarrow
29:00 Town Watch
31:58 Stone Shaft Mining
33:39 Hand Cart
37:11 Imperial Age
35:12 Fortified Wall
34:44 Treadmill Crane
35:02 Murder Holes
35:25 Forging
35:16 Scale Mail Armor
35:58 Ballistics
35:49 Masonry
35:27 Gambesons
35:42 Squires
35:28 Arson
36:29 Town Patrol
38:11 Iron Casting
37:52 Chain Mail Armor
37:21 Gothikon
38:22 Conscription
39:06 Chemistry
38:12 Siege Engineers
37:41 Elite Varangian Guard
39:38 Caravan
40:27 Plate Mail Armor
41:17 Blast Furnace
41:24 Scale Barding Armor
41:15 Bodkin Arrow
41:36 Leather Archer Armor
43:31 Vendel Legacy
44:38 Chain Barding Armor
44:29 Pikeman
45:11 Halberdier
52:40 Plate Barding Armor
56:23 Crop Rotation
57:03 Two-Man Saw
tachilo
1:37 Loom
13:10 Feudal Age
16:53 Double-Bit Axe
20:41 Castle Age
19:15 Horse Collar
19:24 Fishing Lines
21:05 Town Watch
21:57 Wheelbarrow
21:37 Bow Saw
32:26 Imperial Age
30:54 Ballistics
32:08 Chemistry
31:15 Elite Skirmisher
32:40 Fletching
32:52 Padded Archer Armor
35:30 Bodkin Arrow
35:51 Leather Archer Armor
35:37 Scale Mail Armor
35:01 Man-at-Arms
35:41 Squires
35:28 Arson
36:52 Siege Engineers
37:17 Bracer
38:38 Long Swordsman
40:37 Two-Handed Swordsman
48:27 Houfnice
50:14 Two-Man Saw
52:43 Caravan
54:08 Champion
57:17 Hand Cart
59:15 Ring Archer Armor
58:56 Forging
59:02 Chain Mail Armor
62:12 Iron Casting
62:15 Plate Mail Armor
62:11 Guilds
61:54 Pikeman
Connection lost

Rejoining the realm…

Still unreachable

The connection could not be restored.

Session expired

The server has moved on; the page needs a fresh start.